 Dungeon Crawl Stone Soup version 0.23.0 (webtiles) character file.

Game seed: 9268150171095385203

4421 Masnef the Covert (level 10, -5/68 HPs)
             Began as an Octopode Abyssal Knight on Feb 16, 2019.
             Was an Elder of Lugonu.
             Killed from afar by Erica (18 damage)
             ... with a bolt of poison
             ... on level 9 of the Dungeon.
             The game lasted 00:40:37 (12130 turns).

Masnef the Covert (Octopode Abyssal Knight)        Turns: 12130, Time: 00:40:38

Health: -5/68      AC:  1    Str: 12    XL:     10   Next: 36%
Magic:  12/13      EV: 15    Int: 18    God:    Lugonu [****..]
Gold:   172        SH:  4    Dex: 11    Spells: 6/13 levels left

rFire    . . .     SeeInvis .   g - +1 mace (crush)
rCold    + . .     Gourm    .   h - +0 buckler
rNeg     . . .     Faith    .   (helmet restricted)
rPois    .         Spirit   .   (no amulet)
rElec    .         Reflect  .   G - ring of protection from cold
rCorr    .         Harm     .   (no ring)
MR       .....                  (no ring)
Stlth    +++++.....             (no ring)
HPRegen  0.21/turn              (no ring)
MPRegen  0.13/turn              (no ring)
                                (no ring)
                                (no ring)

@: lethally poisoned (-5 -> -17)
A: almost no armour, stealthy swim, amphibious, 8 rings, constrict 8, camouflage
1, gelatinous body 1
a: Depart the Abyss, Bend Space, Banish, Corrupt, Renounce Religion


You were on level 9 of the Dungeon.
You worshipped Lugonu.
Lugonu was greatly pleased with you.
You were not hungry.

You visited 1 branch of the dungeon, and saw 9 of its levels.
You visited the Abyss 1 time.
You also visited: Sewer and Ossuary.

You collected 392 gold pieces.
You spent 220 gold pieces at shops.

Inventory:

Hand Weapons
 a - a +1 short sword
 d - a +2 dagger of protection
 g - a +1 mace of crushing (weapon)
 s - the +1 quarterstaff of Kuhouse {flame, rC+}
   (You found it on level 5 of the Dungeon)

   It has been specially enchanted to burn those struck by it, causing extra
   injury to most foes and up to half again as much damage against particularly
   susceptible opponents.
   It protects you from cold.
 z - a +5 rapier of protection
 D - a +1 mace of holy wrath
Missiles
 e - 37 poisoned needles
 l - 4 curare-tipped needles
 u - 5 needles of confusion
 w - 2 needles of sleeping
Armour
 h - a +0 buckler (worn)
Jewellery
 G - a ring of protection from cold (left tentacle)
Wands
 f - a wand of paralysis (3)
 y - a wand of digging (7)
 E - a wand of polymorph (6)
 F - a wand of disintegration (14)
Scrolls
 j - 2 scrolls of enchant weapon
 k - 4 scrolls of identify
 m - a scroll of enchant armour
 p - 4 scrolls of remove curse
 r - 3 scrolls of magic mapping
 t - a scroll of summoning
 v - 2 scrolls of teleportation
 x - 5 scrolls of blinking
 B - a scroll of fear
Potions
 c - 4 potions of might
 i - 2 potions of brilliance
 n - 3 potions of lignification
 q - a potion of berserk rage
 A - a potion of heal wounds
 C - 2 potions of haste
 H - a potion of ambrosia
Comestibles
 b - 23 rations


   Skills:
 + Level 5.9 Fighting
 - Level 3.0 Short Blades
 + Level 5.9 Maces & Flails
 + Level 5.1 Dodging
 + Level 10.1 Stealth
 - Level 4.0 Shields
 * Level 2.4 Spellcasting
 - Level 2.1 Conjurations
 - Level 2.0 Summonings
 - Level 2.0 Translocations
 - Level 2.1 Air Magic
 * Level 3.2 Poison Magic
 * Level 4.9 Invocations


You had 6 spell levels left.
You knew the following spells:

 Your Spells              Type           Power        Failure   Level  Hunger
a - Call Imp              Summ           #.......     11%         2    ##.....
b - Blink                 Tloc           N/A          12%         2    ##.....
c - Mephitic Cloud        Conj/Pois/Air  ##......     19%         3    ###....

Your spell library contained the following spells:

 Spells                   Type           Power        Failure   Level  Hunger
 Magic Dart               Conj           #...         7%          1    #......
 Summon Small Mammal      Summ           #...         8%          1    #......
 Call Canine Familiar     Summ           #.......     22%         3    ###....
 Slow                     Hex            #.......     26%         2    ##.....
 Conjure Flame            Conj/Fire      #.......     32%         3    ###....
 Summon Guardian Golem    Hex/Summ       #.......     34%         3    ###....
 Summon Lightning Spire   Summ/Air       #.......     58%         4    #####..
 Summon Ice Beast         Ice/Summ       #.......     75%         4    #####..


Dungeon Overview and Level Annotations

Branches:
Dungeon (9/15)             Temple (0/1) D:6
   Lair: D:8-11         Orc: D:9-12

Altars:
Nemelex Xobeh
Xom

Shops:
D:5 :

Annotations:
D:7 exclusion: downstairs
D:8 corrupted
D:9 Erica


Innate Abilities, Weirdness & Mutations

You cannot wear most types of armour.
You are very stealthy in the water. (Stealth+)
You are amphibious.
You can wear up to eight rings at the same time.
You can use your tentacles to constrict eight enemies at once.
Your skin changes colour to match your surroundings (Stealth+).
Your rubbery body absorbs attacks. (AC +1, EV +1)


Message History

The bolt of poison hits you!!
You are poisoned.
* * * LOW HITPOINT WARNING * * *
Unknown command.
Casting: Call Imp (safe; 11% risk of failure)
Confirm with . or Enter, or press ? or * to list all spells.
A beastly little devil appears in a puff of flame.
* * * LOW HITPOINT WARNING * * *
You feel sick.
Unknown command.
You feel better.
You hear some strange, mumbled words.
An orb of energy appears from out of thin air!
The orb of energy hits your crimson imp!!
Your crimson imp dies!
You hear some strange, mumbled words.
A bolt of poison appears from out of thin air!
The bolt of poison hits you!!
You are poisoned.
You die...

###########
#..<....@.#
#.#######.# ..
#.# ... #.# #.#
#.# #
#.###########
#...........# ###
###########.###..
#.##.##


There were no monsters in sight!

Vanquished Creatures
  Joseph (D:7)
  Grinder (D:4)
  Sigmund (D:2)
  Eustachio (D:5)
  Menkaure (D:5)
  Duvessa (D:6)
  2 ice beasts
  An orc warrior (D:6)
  2 phantoms
  3 ogres
  3 wolves (D:8)
  2 centaurs
  4 bullfrogs
  Blork the orc (D:5)
  A water moccasin zombie (Ossuary)
  2 scorpions
  Dowan (D:6)
  5 howler monkeys
  3 crimson imps
  A bullfrog zombie (D:6)
  7 hounds
  A human zombie (D:4)
  3 centaur zombies (D:6)
  Crazy Yiuf (D:6)
  5 orc priests
  4 jellies
  An orc wizard (D:4)
  5 worker ants
  A killer bee zombie (D:6)
  A big kobold zombie (Ossuary)
  2 hound zombies
  A hound skeleton (D:5)
  2 mummies (Ossuary)
  2 worker ant zombies
  6 gnolls
  13 adders
  5 river rats
  6 oozes
  An adder skeleton (D:6)
  5 adder zombies
  2 worms
  4 dart slugs
  8 leopard geckos
  17 orcs
  10 bats
  10 giant cockroaches
  A gnoll zombie (Ossuary)
  7 goblins
  8 hobgoblins
  10 jackals
  A quokka (D:3)
  4 ball pythons
  12 frilled lizards
  5 hobgoblin zombies (Ossuary)
  3 jackal zombies (D:6)
  8 kobolds
  3 kobold zombies (Ossuary)
  A leopard gecko skeleton (D:5)
  2 leopard gecko zombies (D:6)
  6 orc zombies (Ossuary)
  2 quokka skeletons
  2 quokka zombies (D:6)
  15 rats
250 creatures vanquished.

Vanquished Creatures (others)
  A hornet (D:7)
  Grum (D:8)
  A phantom (D:8)
  An ogre (D:8)
  A centaur (D:8)
  A big kobold (D:8)
  A howler monkey (D:8)
  2 hounds (D:8)
  An orc wizard (D:8)
  A worker ant (D:8)
  A hound zombie (D:8)
  A hound skeleton (D:8)
  2 orcs (D:8)
  3 jackals (D:8)
  2 kobolds (D:8)
  2 starspawn tentacles (D:8)
  4 toadstools (D:1)
26 creatures vanquished.

Grand Total: 276 creatures vanquished

Notes
Turn   | Place    | Note
-------+----------+-------------------------------------------
     0 | Abyss:1  | Masnef the Octopode Abyssal Knight began the quest for the
                  | Orb.
     0 | Abyss:1  | Reached XP level 1. HP: 16/16 MP: 2/2
    19 | Abyss:1  | Found a corrupted altar of Lugonu.
   136 | Abyss:1  | Noticed a wretched star
   138 | D:1      | Escaped the Abyss
   160 | D:1      | Reached * piety under Lugonu
   363 | D:1      | Reached skill level 1 in Stealth
   363 | D:1      | Reached XP level 2. HP: 21/21 MP: 3/3
   452 | D:1      | Reached XP level 3. HP: 24/27 MP: 4/4
   529 | D:1      | Reached skill level 2 in Stealth
   665 | D:1      | Reached ** piety under Lugonu
   878 | D:2      | Noticed Sigmund
  1024 | D:2      | Reached XP level 4. HP: 31/33 MP: 5/5
  1126 | D:2      | Killed Sigmund
  1126 | D:2      | Reached skill level 4 in Stealth
  1126 | D:2      | Reached skill level 1 in Shields
  1126 | D:2      | Reached XP level 5. HP: 32/38 MP: 6/6
  1126 | D:2      | Reached XP level 6. HP: 37/44 MP: 7/7
  1899 | D:3      | Found a sparkling altar of Nemelex Xobeh.
  1928 | D:3      | Reached skill level 5 in Stealth
  2017 | D:3      | Reached *** piety under Lugonu
  2719 | D:4      | Reached skill level 1 in Maces & Flails
  2854 | D:4      | Noticed a phantom
  2910 | D:4      | Killed a phantom
  2910 | D:4      | Reached XP level 7. HP: 25/49 MP: 8/8
  3030 | D:4      | Reached skill level 6 in Stealth
  3420 | D:4      | Found a sand-covered staircase.
  3426 | D:4      | Noticed Grinder
  3427 | Ossuary  | Entered an ossuary
  3683 | Ossuary  | Reached skill level 7 in Stealth
  3692 | Ossuary  | Reached XP level 8. HP: 54/54 MP: 9/9
  3696 | Ossuary  | Reached **** piety under Lugonu
  3781 | D:4      | HP: 2/81 [Grinder (6)]
  3784 | D:4      | Paralysed by Grinder for 7 turns
  3796 | D:4      | Killed Grinder
  3796 | D:4      | Reached skill level 8 in Stealth
  4142 | D:4      | Reached skill level 5 in Fighting
  4635 | D:5      | Entered Level 5 of the Dungeon
  4879 | D:5      | Got a crystal quarterstaff
  4885 | D:5      | Identified the +1 quarterstaff of Kuhouse {flame, rC+} (You
                  | found it on level 5 of the Dungeon)
  4897 | D:5      | Noticed Blork the orc
  5166 | D:5      | Found Minofet's Book Shop.
  5718 | D:5      | Reached skill level 9 in Stealth
  5739 | D:5      | Killed Blork the orc
  5739 | D:5      | Reached XP level 9. HP: 61/61 MP: 11/11
  5760 | D:5      | Reached skill level 5 in Maces & Flails
  5926 | D:5      | Noticed Eustachio
  6017 | D:5      | Killed Eustachio
  6091 | D:5      | Noticed Menkaure
  6148 | D:5      | Killed Menkaure
  6312 | D:5      | Bought a book of Minor Magic for 220 gold pieces
  6315 | D:5      | Learned a level 2 spell: Call Imp
  6318 | D:5      | Learned a level 2 spell: Blink
  6322 | D:5      | Learned a level 3 spell: Mephitic Cloud
  6987 | D:6      | Found a glowing drain.
  6991 | Sewer    | Entered a sewer
  7110 | Sewer    | Reached skill level 1 in Conjurations
  7120 | Sewer    | Reached ***** piety under Lugonu
  7529 | D:6      | Noticed Duvessa
  7529 | D:6      | Noticed Dowan
  7535 | D:6      | Killed Dowan
  7740 | D:6      | Killed Duvessa
  7740 | D:6      | Reached skill level 1 in Air Magic
  7967 | D:6      | Reached skill level 1 in Summonings
  8068 | D:6      | Reached skill level 10 in Stealth
  8068 | D:6      | Reached skill level 1 in Spellcasting
  8337 | D:6      | Reached skill level 1 in Poison Magic
  8399 | D:6      | Reached skill level 1 in Translocations
  8427 | D:6      | Found a staircase to the Ecumenical Temple.
  8776 | D:6      | Found a runed translucent door.
  8777 | D:6      | Noticed Crazy Yiuf
  8882 | D:6      | Killed Crazy Yiuf
  8958 | D:7      | Noticed Joseph
  8982 | D:7      | Killed Joseph
  8982 | D:7      | Reached XP level 10. HP: 29/66 MP: 11/13
  9727 | D:7      | Paralysed by a hornet for 1 turns
 10161 | D:8      | Corrupted D:8
 10161 | D:8      | Noticed a thrashing horror
 10161 | D:8      | Noticed a tentacled starspawn
 10161 | D:8      | Noticed a rakshasa
 10161 | D:8      | Noticed an apocalypse crab
 10161 | D:8      | Noticed an apocalypse crab
 10161 | D:8      | Noticed a starcursed mass
 10162 | D:8      | Noticed a smoke demon
 10166 | D:8      | Noticed an orange demon
 10285 | D:8      | Killed Grum
 10536 | D:8      | Reached skill level 5 in Dodging
 11009 | D:8      | Found a shimmering altar of Xom.
 12096 | D:9      | Noticed Erica
 12130 | D:9      | Killed from afar by Erica

Skill      XL: |  1  2  3  4  5  6  7  8  9 10 |
---------------+-------------------------------+-----
Stealth        | 1 2 4 5 7 9 10 | 10.1
Fighting       | 4 5 |  5.9
Short Blades   | 3 |  3.0
Shields        | 1 2 3 4 |  4.0
Dodging        | 3 4 5 |  5.1
Maces & Flails | 1 3 4 5 |  5.9
Invocations    | 3 4 |  4.9
Conjurations   | 2 |  2.1
Air Magic      | 2 |  2.1
Summonings     | 2 |  2.0
Spellcasting   | 1 2 |  2.4
Poison Magic   | 2 3 |  3.2
Translocations | 1 2 |  2.0

Action                   |  1- 3 |  4- 6 |  7- 9 | 10-12 || total
-------------------------+-------+-------+-------+-------++-------
Melee: Short sword       |    11 |       |       |       ||    11
       Dagger            |    74 |    66 |   202 |    24 ||   366
       Constrict         |    22 |    31 |    61 |    15 ||   129
       Tentacles         |    11 |    21 |    73 |    21 ||   126
       Mace              |       |    89 |   208 |    81 ||   378
 Cast: Blink             |       |       |     1 |     2 ||     3
       Call Imp          |       |       |       |     3 ||     3
       Mephitic Cloud    |       |       |       |     2 ||     2
Invok: Depart the Abyss  |     1 |       |       |       ||     1
       Bend Space        |       |       |    10 |     1 ||    11
       Banish            |       |       |       |     1 ||     1
       Corrupt           |       |       |       |     1 ||     1
Evoke: Wand              |       |       |     6 |       ||     6
  Use: Scroll            |     1 |     4 |     4 |     5 ||    14
       Potion            |       |     3 |     4 |     2 ||     9
 Stab: Sleeping          |     5 |     9 |    55 |     5 ||    74
       Distracted        |       |     1 |     1 |     1 ||     3
       Paralysed         |       |       |     3 |       ||     3
       Confused          |       |       |       |     1 ||     1
  Eat: Chunk             |       |     6 |    13 |     6 ||    25
       Ration            |       |       |     2 |     2 ||     4
Armor: Skin              |    17 |    21 |    57 |    13 ||   108
Dodge: Dodged            |    34 |   118 |   194 |    74 ||   420
Block: Buckler           |     3 |    25 |    62 |    27 ||   117
